 Dungeon Crawl Stone Soup version 0.30-a0-738-g116ff8c4af (webtiles) character file.

Game seed: 8418675491720403910

860 KleinerIrrer the Trooper (level 8, -10/87 HPs)
             Began as an Ogre Gladiator on Feb 3, 2023.
             Mangled by an ogre
             ... wielding a +0 giant club
              (28 damage)
             ... on level 5 of the Dungeon.
             The game lasted 00:07:05 (4366 turns).

KleinerIrrer the Trooper (Ogre Gladiator)           Turns: 4366, Time: 00:07:06

Health: -10/87     AC:  5    Str: 21    XL:     8   Next: 2%
Magic:  8/8        EV: 10    Int:  9    God:
Gold:   74         SH:  0    Dex: 10    Spells: 7/7 levels left

rFire   . . .      SeeInvis .    q - +2 whip (flame)
rCold   . . .      Faith    .    (no shield)
rNeg    + . .      Spirit   .    r - +2 robe {rN+}
rPois   .          Reflect  .    c - +0 hat
rElec   .          Harm     .    (no cloak)
rCorr   .          Rampage  .    (gloves unavailable)
Will    .....      Clarity  +    (boots unavailable)
Stlth   +                        (no amulet)
HPRegen 0.34/turn                (no ring)
MPRegen 0.11/turn                (no ring)

@: no status effects
A: large, unfitting armour, tough skin 1, clarity
a: no special abilities


You were on level 5 of the Dungeon.
You visited 1 branch of the dungeon, and saw 5 of its levels.

You collected 256 gold pieces.
You spent 182 gold pieces at shops.

Inventory:

Hand Weapons
 a - a +0 flail
 g - a +0 giant club
 h - a +0 sling
 q - a +2 whip of flaming (weapon)
Missiles
 d - 3 throwing nets (quivered)
 e - a large rock
 i - 2 poisoned darts
Armour
 c - a +0 hat (worn)
 r - a +2 robe of positive energy (worn)
Jewellery
 l - a +6 ring of intelligence
 n - a ring of protection from fire
Wands
 t - a wand of flame (8)
Scrolls
 b - a scroll of enchant weapon {unknown}
 f - a scroll of torment
 k - 2 scrolls of fear
 m - a scroll of brand weapon {unknown}
 o - a scroll of silence
 p - a scroll of vulnerability
Potions
 j - 2 potions of attraction


   Skills:
 + Level 7.5 Fighting
 * Level 6.9 Maces & Flails
 - Level 2.0 Throwing
 - Level 2.6 Dodging


You had 7 spell levels left.
You didn't know any spells.
Your spell library contained the following spells:

 Spells                   Type           Power      Damage    Failure   Level
 Ensorcelled Hibernation  Hex/Ice        0%         N/A       52%         2
 Passwall                 Tmut/Erth      0%         N/A       52%         2
 Swiftness                Air            0%         N/A       77%         3


Dungeon Overview and Level Annotations

Branches:
Dungeon (5/15)
 Temple: D:4-7

Altars:
Yredelemnul
The Shining One

Shops:
D:2 :   D:4 !

Annotations:
D:2 1 runed translucent door, Crazy Yiuf
D:5 Ijyb


Innate Abilities, Weirdness & Mutations

You are too large for most types of armour.
You have tough skin. (AC +1)
You possess an exceptional clarity of mind.


Message History

The phantom hits you but does no damage.
You hit the phantom. You burn the phantom.
The phantom is almost destroyed.
You completely miss the phantom.
The phantom is almost destroyed.
The phantom hits you but does no damage.
You closely miss the phantom.
The phantom is almost destroyed.
The phantom hits you.
The phantom blinks!
You blink.
The phantom attacks as you move away! The phantom closely misses you.
Found a stone staircase leading down.
Found a ring mail.
The phantom attacks as you move away! The phantom hits you.
There is a stone staircase leading down here.
The phantom hits you.
The phantom blinks!
You blink.
You stop descending the stairs.
The phantom hits you. The jackal bites you.
The phantom hits you but does no damage.
There is a stone staircase leading down here.
The jackal bites you but does no damage.
The phantom hits you.
The phantom blinks!
You blink.
You stop descending the stairs.
The phantom attacks as you move away! The phantom hits you.
The ogre hits you with a +0 giant club!
The orc wizard hits you with a +0 dagger.
* * * LOW HITPOINT WARNING * * *
Ijyb screams, "No!
No, no, no, no!"
The ogre attacks as you move away! The ogre hits you with a +0 giant club.
* * * LOW HITPOINT WARNING * * *
The orc wizard points at you and mumbles some strange words.
You easily resist.
The orc priest mumbles some strange prayers to Beogh against you.
You are unaffected.
There is a stone staircase leading down here.
The orc wizard hits you with a +0 dagger.
* * * LOW HITPOINT WARNING * * *
The orc priest mumbles some strange prayers to Beogh against you.
You struggle to resist.
The ogre hits you with a +0 giant club!!
You die...

#O###.##.
#.ยงยง...#.
#####....####
###### .
#.....####....# #
.
##.##..o.#.##.##.#
. #.
####.#.##....# #
#. #.goh##..### #.
#.#.o...## #.
#[#@OW..# #.
#.####### #. #. #.
#. ..


You could see an ogre, a phantom, Ijyb, an orc priest, 2 orc wizards and a
jackal.

Vanquished Creatures
  Pikel (D:5)
  An ice beast (D:5)
  A scorpion (D:5)
  A gnoll bouda (D:4)
  A hound (D:5)
  Terence (D:2)
  An iguana (D:4)
  Robin (D:3)
  2 adders
  3 gnolls
  3 worms
  3 dart slugs (D:1)
  An orc (D:5)
  5 endoplasms
  5 giant cockroaches
  5 hobgoblins (D:3)
  2 kobolds (D:3)
  4 quokkas
  6 ball pythons
  3 bats
  2 frilled lizards
  14 goblins
  A rat (D:1)
67 creatures vanquished.

Notes
Turn   | Place    | Note
-------+----------+-------------------------------------------
     0 | D:1      | KleinerIrrer the Ogre Gladiator began the quest for the
                  | Orb.
     0 | D:1      | Reached XP level 1. HP: 22/22 MP: 1/1
    46 | D:1      | Reached skill level 3 in Fighting
   244 | D:1      | Reached XP level 2. HP: 31/31 MP: 2/2
   552 | D:1      | Found a faded altar of an unknown god.
   921 | D:2      | Noticed Terence
   933 | D:2      | Gained mutation: You are dopey. (Int -2) [potion of
                  | mutation]
   933 | D:2      | Gained mutation: You possess an exceptional clarity of
                  | mind. [potion of mutation]
   933 | D:2      | Lost mutation: You are dopey. (Int -2) [potion of mutation]
   939 | D:2      | Killed Terence
   940 | D:2      | Reached skill level 4 in Fighting
   940 | D:2      | Reached XP level 3. HP: 13/39 MP: 3/3
  1173 | D:2      | Found Siemp's Book Emporium.
  1317 | D:2      | Found a runed translucent door.
  1318 | D:2      | Noticed Crazy Yiuf
  1433 | D:2      | Reached XP level 4. HP: 5/49 MP: 4/4
  1786 | D:3      | Noticed Robin
  1799 | D:3      | Killed Robin
  2330 | D:3      | Reached skill level 5 in Fighting
  2668 | D:3      | Reached XP level 5. HP: 55/57 MP: 5/5
  3502 | D:4      | Found Osos Pugg's Distillery.
  3510 | D:4      | Bought a potion of heal wounds for 70 gold pieces
  3510 | D:4      | Bought a potion of berserk rage for 70 gold pieces
  3510 | D:4      | Bought a potion of curing for 42 gold pieces
  3815 | D:5      | Entered Level 5 of the Dungeon
  3816 | D:5      | Noticed an ice beast
  3820 | D:5      | Killed an ice beast
  3821 | D:5      | Reached skill level 5 in Maces & Flails
  3821 | D:5      | Reached XP level 6. HP: 67/67 MP: 6/6
  3940 | D:5      | Reached skill level 6 in Fighting
  4030 | D:5      | Noticed Pikel
  4129 | D:5      | Killed Pikel
  4130 | D:5      | Reached skill level 7 in Fighting
  4130 | D:5      | Reached XP level 7. HP: 36/78 MP: 7/7
  4130 | D:5      | Reached XP level 8. HP: 41/87 MP: 8/8
  4283 | D:5      | Found a glowing golden altar of the Shining One.
  4287 | D:5      | Found a basalt altar of Yredelemnul.
  4290 | D:5      | Noticed a profane servitor
  4302 | D:5      | Noticed Ijyb
  4366 | D:5      | Mangled by an ogre

Illustrated notes

Levels and vault maps discovered:
D:1:      giann_wishing_wells, layout_basic,
          hellmonk_ecumenical_altar_pennies_from_heaven
D:2:      layout_rooms, serial_shops, nicolae_shop_hallway_plus, serial_glass,
          glass_columns_c, glass_columns_c, uniq_terence,
          uniq_crazy_yiuf_cottage
D:3:      layout_loops_cross, minmay_misc_feat_columns, minivault_27, uniq_robin
D:4:      layout_gridville, serial_shops, shop
D:5:      layout_basic, grunt_temple_overflow_holy_war, uniq_ijyb, uniq_pikel

Skill      XL: |  1  2  3  4  5  6 |
---------------+-------------------+-----
Fighting       | 3 4 5 7 |  7.5
Maces & Flails | 3 4 5 6 |  6.9
Throwing       | |  2.0
Dodging        | |  2.6

Action                     |  1- 3 |  4- 6 |  7- 9 || total
---------------------------+-------+-------+-------++-------
  Melee: Flail             |    52 |    32 |       ||    84
         Giant club        |       |   124 |       ||   124
         Punch             |       |     1 |     1 ||     2
         Whip              |       |       |    16 ||    16
   Fire: Sling             |    21 |       |       ||    21
    Use: Potion            |     2 |     6 |       ||     8
         Scroll            |     1 |     5 |       ||     6
 Armour: Robe              |    15 |    40 |     7 ||    62
  Dodge: Dodged            |    33 |    98 |     9 ||   140

Table legend: (Time is in decaauts)
 A = Elapsed time spent in this place.
 B = Non-inter-level travel time spent in this place.
 C = Inter-level travel time spent in this place.
 D = Time resting spent in this place.
 E = Time spent auto-exploring this place.
 F = Levels seen in this place.
 G = Mean time per level.
                   A        B        C        D        E       F      G
               +--------+--------+--------+--------+--------+-----+--------+
         Total |   4453 |   4318 |    135 |    587 |   3034 |   5 |  890.6 |
       Dungeon |   4453 |   4318 |    135 |    587 |   3034 |   5 |  890.6 |
               +--------+--------+--------+--------+--------+-----+--------+

Top non-repeatable levels by time:
     D:3: 1207 daAuts
     D:1: 932 daAuts
     D:4: 913 daAuts
     D:2: 830 daAuts
     D:5: 569 daAuts
